[Event "Titled Tuesday Blitz May 30 Early 2023"]
[White "Rodrigues Mota, Romulo Cardoso S"]
[Black "LangesNasenhaar"]
[WhiteFideId "2187442"]
[WhiteElo "1936"]
[BlackElo "2486"]
[Result "1-0"]
[Round "07"]
[TimeControl "180+2"]
[Date "2023.05.30"]
[WhiteClock "0:00:06"]
[BlackClock "0:00:00"]

1. e4 d6 2. d4 Nf6 3. Bd3 Nbd7 4. Qe2 e5 5. c3 c6 6. f4 Be7 7. Nf3 Qc7 8. O-O O-O 9. Na3 b5 10. Nc2 Re8 11. a4 bxa4 12. Rxa4 a5 13. b4 Bb7 14. Rxa5 Rxa5 15. bxa5 Qxa5 16. fxe5 dxe5 17. Bd2 Bf8 18. Nh4 Qb6 19. Bc4 exd4 20. cxd4 Ne5 21. Ba2 Ba6 22. Qe3 Bxf1 23. dxe5 Qxe3+ 24. Bxe3 Bd3 25. Ne1 Ng4 26. Nxd3 Nxe3 27. h3 c5 28. Kf2 c4 29. Kxe3 cxd3 30. Nf3 Rd8 31. Bd5 Bc5+ 32. Kxd3 h6 33. Kc4 Ba7 34. e6 fxe6 35. Bxe6+ Kf8 36. Ne5 Rd2 37. Nc6 Bf2 38. g4 Bg3 39. Nd4 Bf2 40. Nf3 Rd8 41. Bd5 Ke7 42. e5 Bg3 43. Kd4 Rb8 44. Ke4 g6 45. h4 Rb4+ 46. Ke3 Rxg4 47. Be4 Bxh4 48. Nxh4 Rxh4 49. Bxg6 Rh1 50. Kf2 Ra1 51. Bf5 Ra3 52. e6 Ra5 53. Bh3 Ra3 54. Kg2 Kf6 55. Kh2 Rc3 56. Kg2 h5 57. Kh2 Re3 58. Kg2 Kg5 59. Kh2 Kf4 60. Bg2 Re2 61. Kh3 Re5 62. Kh4 1-0


[Site "https://www.chess.com"]

[Event "Titled Tuesday Blitz May 30 Early 2023"]
[White "Sarkar, Justin"]
[Black "Janaszak, Dawid"]
[WhiteFideId "2010011"]
[BlackFideId "1119206"]
[WhiteElo "2168"]
[BlackElo "2220"]
[Result "0-1"]
[Round "07"]
[TimeControl "180+2"]
[Date "2023.05.30"]
[WhiteClock "0:00:00"]
[BlackClock "0:01:23"]

1. e4 c5 2. Nf3 e6 3. d4 cxd4 4. Nxd4 a6 5. c3 g6 6. g3 Bg7 7. Bg2 Ne7 8. O-O O-O 9. a4 d5 10. exd5 exd5 11. Bg5 h6 12. Be3 Nbc6 13. Qd2 Kh7 14. Nxc6 bxc6 15. Bd4 Bxd4 16. cxd4 Nf5 17. a5 Qf6 18. Rd1 Rb8 19. Nc3 Re8 20. Bf1 Nd6 21. Na4 Ne4 22. Qf4 Qxf4 23. gxf4 Bg4 24. Rd3 Bf5 25. Re3 Rb4 26. Nc5 Ra8 27. Nxa6 Rxb2 28. Nc5 Nd2 29. a6 Nc4 30. Bxc4 dxc4 31. a7 Rb1+ 32. Rxb1 Bxb1 33. Re1 Bf5 34. Ra1 c3 35. Kf1 c2 36. Nb3 Bg4 37. Ke1 g5 38. fxg5 hxg5 39. Kd2 Bf5 40. Nc5 Kg6 41. Nb7 c5 42. dxc5 Rb8 0-1


[Site "https://www.chess.com"]

[Event "Titled Tuesday Blitz May 30 Early 2023"]
[White "Martinez, Shawn"]
[Black "Ljukin, Sergei"]
[WhiteFideId "2039770"]
[BlackFideId "14102200"]
[WhiteElo "2174"]
[BlackElo "2312"]
[Result "0-1"]
[Round "07"]
[TimeControl "180+2"]
[Date "2023.05.30"]
[WhiteClock "0:00:04"]
[BlackClock "0:00:08"]

1. e4 e6 2. d4 d5 3. Bd3 dxe4 4. Bxe4 Nf6 5. Bf3 Nbd7 6. Be3 Bd6 7. Nc3 e5 8. Nge2 O-O 9. O-O Re8 10. dxe5 Nxe5 11. Nd4 Nxf3+ 12. Qxf3 c6 13. Nf5 Bxf5 14. Qxf5 Qc7 15. h3 Be5 16. Rad1 Bxc3 17. bxc3 Rad8 18. Rxd8 Qxd8 19. c4 b6 20. Qf3 c5 21. Rd1 Qe7 22. Qc6 h6 23. Qa4 Qb7 24. Rd6 Re4 25. c3 Qe7 26. Qc6 Rxc4 27. Qc8+ Kh7 28. Qf5+ Kg8 29. Rc6 Re4 30. Rc8+ Ne8 31. a4 g6 32. Qd5 Kh7 33. Qa8 Nd6 34. Rh8+ Kg7 35. Qg8+ Kf6 36. Rxh6 Nf5 37. Qh8+ Ke6 38. Rh7 Nxe3 39. fxe3 Rxe3 40. Qc8+ Kf6 41. Qh8+ Kg5 42. h4+ Kg4 43. Qc8+ f5 44. Rh6 Re1+ 45. Kh2 Qe5+ 46. g3 Qxg3# 0-1


[Site "https://www.chess.com"]

[Event "Titled Tuesday Blitz May 30 Early 2023"]
[White "Dubreuil, Julien"]
[Black "Santos Flores, Alberto"]
[WhiteFideId "621285"]
[BlackFideId "3601234"]
[WhiteElo "2326"]
[BlackElo "2235"]
[Result "0-1"]
[Round "07"]
[TimeControl "180+2"]
[Date "2023.05.30"]
[WhiteClock "0:00:49"]
[BlackClock "0:02:16"]

1. e4 c5 2. Nf3 Nc6 3. d4 cxd4 4. Nxd4 g6 5. c4 Nf6 6. Nc3 d6 7. Be3 Ng4 8. Bc1 Qb6 9. Ncb5 a6 10. Be2 axb5 11. Bxg4 Qxd4 12. Qxd4 Nxd4 13. Bxc8 Rxc8 14. O-O bxc4 15. Be3 Nc2 0-1


[Site "https://www.chess.com"]

[Event "Titled Tuesday Blitz May 30 Early 2023"]
[White "Rose, Felix"]
[Black "Mayeregger, Arnold"]
[WhiteFideId "5105722"]
[BlackFideId "3705226"]
[WhiteElo "2039"]
[BlackElo "2038"]
[Result "1-0"]
[Round "07"]
[TimeControl "180+2"]
[Date "2023.05.30"]
[WhiteClock "0:01:18"]
[BlackClock "0:01:39"]

1. d4 d5 2. Nf3 Nf6 3. e3 c6 4. c4 Bg4 5. Nc3 e6 6. h3 Bf5 7. Nh4 Be4 8. Nxe4 Nxe4 9. Nf3 Bb4+ 10. Nd2 Qh4 11. g3 Qf6 12. Qe2 dxc4 13. Bg2 Nxd2 14. Bxd2 Bxd2+ 15. Qxd2 O-O 16. a4 a5 17. Rc1 Nd7 18. O-O Nb6 19. Qc2 Rfd8 20. Rfd1 e5 21. dxe5 Qxe5 22. Bf1 Qd6 23. Rxd6 1-0


[Site "https://www.chess.com"]

[Event "Titled Tuesday Blitz May 30 Early 2023"]
[White "Sharan, Rao"]
[Black "Ardila, Oscar Humberto"]
[WhiteFideId "5073464"]
[BlackFideId "4404742"]
[WhiteElo "2231"]
[BlackElo "1918"]
[Result "1-0"]
[Round "07"]
[TimeControl "180+2"]
[Date "2023.05.30"]
[WhiteClock "0:00:04"]
[BlackClock "0:00:18"]

1. d4 Nf6 2. Nc3 d5 3. Bg5 e6 4. e4 dxe4 5. Nxe4 Be7 6. Bxf6 Bxf6 7. Nf3 Be7 8. Bd3 O-O 9. Qe2 f5 10. Nc3 Nc6 11. Qe3 Bf6 12. Ne2 Re8 13. O-O-O Nb4 14. Kb1 Nxd3 15. Qxd3 b6 16. Rhg1 Bb7 17. g4 Be4 18. Qe3 Qd5 19. Nc3 Qc6 20. Nxe4 Qxe4 21. Qxe4 fxe4 22. Ne1 Rad8 23. c3 c5 24. Nc2 Bh4 25. Rdf1 Rf8 26. Rg2 Rf3 27. Ne1 Rf4 28. Nc2 Rdf8 29. dxc5 bxc5 30. Re1 Bxf2 31. Re2 Bh4 32. b3 Bf6 33. Kb2 Rf3 34. Rxe4 Bxc3+ 35. Ka3 Rf2 36. Rxf2 Rxf2 37. Ne3 Bb4+ 38. Ka4 Rxa2+ 39. Kb5 Rxh2 40. Nc4 Rh3 41. Ka4 Rg3 42. Rxe6 Rxg4 43. Ne5 Bc3+ 44. Nxg4 Kf7 45. Ra6 h5 46. Rxa7+ Kg6 47. Nf2 Bd4 48. Nh3 Kf6 49. Kb5 g5 50. Kc4 g4 51. Nf4 Kg5 52. Rf7 Be3 53. Ne6+ Kg6 54. Rf8 h4 55. Nxc5 g3 56. b4 Kh5 57. Rg8 Bg5 58. Ne4 Bf4 59. b5 Bc7 60. b6 Bxb6 61. Kd5 Kh6 62. Ke5 Kh7 63. Rg4 Bd8 64. Kf5 Kh6 65. Rg6+ Kh7 66. Rg4 Kh6 67. Nd6 Bc7 68. Nf7+ Kh7 69. Kf6 Bd8+ 70. Nxd8 Kh6 71. Nf7+ Kh7 72. Rg7# 1-0


[Site "https://www.chess.com"]

[Event "Titled Tuesday Blitz May 30 Early 2023"]
[White "Herman, Daniel"]
[Black "rikchessmx"]
[WhiteFideId "30935008"]
[WhiteElo "1897"]
[BlackElo "2305"]
[Result "0-1"]
[Round "07"]
[TimeControl "180+2"]
[Date "2023.05.30"]
[WhiteClock "0:00:02"]
[BlackClock "0:00:12"]

1. e4 e5 2. Nf3 Nc6 3. Bc4 Bc5 4. O-O d6 5. c3 Qf6 6. b4 Bb6 7. a4 a6 8. d3 h6 9. Be3 Nge7 10. Bxb6 cxb6 11. Nbd2 O-O 12. Qb3 Bg4 13. h3 Be6 14. Rad1 Ng6 15. Bxe6 fxe6 16. g3 b5 17. a5 Rad8 18. Nh2 Kh7 19. Ng4 Qf7 20. Ne3 d5 21. exd5 exd5 22. Rde1 d4 23. Qxf7 Rxf7 24. cxd4 Rxd4 25. Ne4 Nxb4 26. Rc1 Nxd3 27. Rc8 Rxe4 28. Nd5 Ra4 29. Nb6 Rxa5 30. Rd1 e4 31. Re8 Rxf2 32. Rxe4 Raa2 33. Rxd3 Rg2+ 34. Kh1 Rh2+ 35. Kg1 Rhb2 36. Re1 b4 37. Rd8 Rg2+ 38. Kh1 Rxg3 39. Ree8 Rxh3+ 40. Kg1 Rg3+ 41. Kf1 Nf4 42. Rh8+ Kg6 43. Rd6+ Kg5 44. Rd1 Rgg2 45. Nd5 Raf2+ 46. Ke1 Re2+ 47. Kf1 Rgf2+ 48. Kg1 Nh3+ 49. Kh1 Rh2# 0-1


[Site "https://www.chess.com"]

[Event "Titled Tuesday Blitz May 30 Early 2023"]
[White "Jakic, Ivan"]
[Black "Cupid, Kevin"]
[WhiteFideId "14504901"]
[BlackFideId "7700512"]
[WhiteElo "2370"]
[BlackElo "2124"]
[Result "0-1"]
[Round "07"]
[TimeControl "180+2"]
[Date "2023.05.30"]
[WhiteClock "0:01:37"]
[BlackClock "0:01:29"]

1. e4 d5 2. exd5 Qxd5 3. Nc3 Qd6 4. d4 Nf6 5. Nf3 a6 6. g3 b5 7. Bg2 Bb7 8. Bf4 Qd8 9. O-O e6 10. Re1 Bd6 11. Ne5 Bxg2 12. Kxg2 c6 13. Qf3 Qc7 14. a4 b4 15. Ne4 Nd5 16. Nxd6+ Qxd6 17. Nxf7 Nxf4+ 18. Kh1 Kxf7 19. gxf4 Nd7 20. Re5 Rhf8 21. Rae1 Rae8 22. Qh5+ Kg8 23. Rg5 Qxd4 24. Reg1 Re7 25. Qh6 Rff7 26. f5 Qd5+ 27. R1g2 exf5 28. Qh5 Re1# 0-1


[Site "https://www.chess.com"]

[Event "Titled Tuesday Blitz May 30 Early 2023"]
[White "Zaksaite, Salomeja"]
[Black "Andreev, Konstantin"]
[WhiteFideId "12801496"]
[BlackFideId "24239305"]
[WhiteElo "2059"]
[BlackElo "2106"]
[Result "1-0"]
[Round "07"]
[TimeControl "180+2"]
[Date "2023.05.30"]
[WhiteClock "0:00:26"]
[BlackClock "0:00:42"]

1. e4 c5 2. Nf3 e6 3. g3 Nc6 4. Bg2 a6 5. O-O b5 6. d4 cxd4 7. Nxd4 Bb7 8. a4 b4 9. Re1 Nge7 10. c4 bxc3 11. Nxc3 Nxd4 12. Qxd4 Nc6 13. Qd1 d6 14. Rb1 Be7 15. b4 O-O 16. b5 axb5 17. Nxb5 Rb8 18. Ba3 Qa5 19. Nxd6 Rfd8 20. e5 Nxe5 21. Bxb7 Bxd6 22. Bxd6 Nc4 23. Bxb8 Rxd1 24. Rexd1 h5 25. Bf3 h4 26. Bf4 e5 27. Bg5 h3 28. Rb8+ Kh7 29. Be4+ g6 30. Bf6 1-0


[Site "https://www.chess.com"]

[Event "Titled Tuesday Blitz May 30 Early 2023"]
[White "Zaichenko, Daria"]
[Black "Gurevich, Dmitry"]
[WhiteFideId "4197453"]
[BlackFideId "2000407"]
[WhiteElo "2039"]
[BlackElo "2506"]
[Result "0-1"]
[Round "07"]
[TimeControl "180+2"]
[Date "2023.05.30"]
[WhiteClock "0:01:06"]
[BlackClock "0:01:34"]

1. e4 c5 2. Nf3 d6 3. d4 cxd4 4. Nxd4 Nf6 5. Nc3 Nc6 6. Bc4 e6 7. O-O a6 8. a4 Be7 9. Be3 O-O 10. Nb3 b6 11. f4 Bb7 12. Qf3 Na5 13. Nxa5 bxa5 14. Bd3 Rc8 15. Qg3 Rxc3 16. bxc3 Nxe4 17. Bxe4 Bxe4 18. Qf2 Qa8 19. Bb6 Bf6 20. Bxa5 Rc8 21. Ra3 Qd5 22. Bb4 a5 23. c4 Qxc4 24. Bd2 Qxc2 25. Bxa5 Bd4 26. Bb6 Bxb6 0-1


[Site "https://www.chess.com"]

[Event "Titled Tuesday Blitz May 30 Early 2023"]
[White "Antonova, Nadezhda"]
[Black "Barbot, Pierre"]
[WhiteFideId "14700182"]
[BlackFideId "663727"]
[WhiteElo "1799"]
[BlackElo "2431"]
[Result "0-1"]
[Round "07"]
[TimeControl "180+2"]
[Date "2023.05.30"]
[WhiteClock "0:00:17"]
[BlackClock "0:00:12"]

1. Nf3 Nf6 2. b3 g6 3. Bb2 Bg7 4. g3 O-O 5. Bg2 d5 6. O-O c5 7. c4 Be6 8. cxd5 Bxd5 9. d4 cxd4 10. Nxd4 Bxg2 11. Kxg2 Qd5+ 12. Kg1 Nc6 13. Nxc6 Qxc6 14. Qc1 Qa6 15. Na3 Qxe2 16. Re1 Qf3 17. Re3 Qf5 18. Rxe7 Ne4 19. Bxg7 Qxf2+ 20. Kh1 Qf3+ 21. Kg1 Kxg7 22. Qb2+ Kg8 23. Re1 Ng5 24. Qg2 Qf5 25. R7e3 Rad8 26. Nc4 b5 27. Ne5 Rfe8 28. Nc6 Rxe3 29. Rxe3 Rd1+ 0-1


[Site "https://www.chess.com"]

[Event "Titled Tuesday Blitz May 30 Early 2023"]
[White "Lonoff, Marc"]
[Black "Kuznetsov, Mikhail"]
[WhiteFideId "2001349"]
[BlackFideId "4117190"]
[WhiteElo "2137"]
[BlackElo "1981"]
[Result "0-1"]
[Round "07"]
[TimeControl "180+2"]
[Date "2023.05.30"]
[WhiteClock "0:00:00"]
[BlackClock "0:00:05"]

1. c4 Nf6 2. Nc3 d5 3. cxd5 Nxd5 4. g3 g6 5. Bg2 Nb6 6. e3 Bg7 7. Nge2 O-O 8. O-O c5 9. d4 cxd4 10. Nxd4 e6 11. Ndb5 Na6 12. Nd6 Qe7 13. Ncb5 Rd8 14. Nxc8 Raxc8 15. Qe2 Nb4 16. Nd4 e5 17. Nb3 Rc2 18. Qb5 Nd3 19. Be4 Qd7 20. Qxd7 Rxd7 21. Rd1 Nxc1 22. Bxc2 Rxd1+ 23. Bxd1 Nd3 24. Be2 Nxb2 25. Rb1 N2a4 26. Rc1 e4 27. Nd4 Be5 28. Bb5 Nb2 29. Kg2 a6 30. Be2 Kg7 31. Rb1 N6a4 32. Bd1 Nxd1 33. Rxd1 Nc3 34. Rd2 b5 35. Rc2 b4 36. Nc6 Bd6 37. Na5 Bc7 38. Nb3 a5 39. a3 Bb6 40. axb4 axb4 41. Nd4 Bc5 42. Rb2 Kf6 43. Nc2 Nd5 44. Nd4 Ke5 45. Nc6+ Kd6 46. Nd8 f5 47. Kf1 Ke7 48. Nb7 Bb6 49. Rd2 Ke6 50. Ke2 Nc3+ 51. Ke1 Nd5 52. Rb2 Kd7 53. Rd2 Kc6 54. Kd1 Nc3+ 55. Kc2 Kxb7 56. Kb3 Kc6 57. Kxb4 Nd5+ 0-1


[Site "https://www.chess.com"]

[Event "Titled Tuesday Blitz May 30 Early 2023"]
[White "Blackwhite017"]
[Black "Sai Han Thiha"]
[BlackFideId "13012290"]
[WhiteElo "2117"]
[BlackElo "1954"]
[Result "0-1"]
[Round "07"]
[TimeControl "180+2"]
[Date "2023.05.30"]
[WhiteClock "0:00:13"]
[BlackClock "0:00:44"]

1. e4 c6 2. Nf3 d5 3. exd5 cxd5 4. Ne5 Nc6 5. d4 Qb6 6. c3 Bf5 7. g4 Be4 8. f3 Bxb1 9. Rxb1 Nxe5 10. dxe5 O-O-O 11. Qb3 h5 12. Qxb6 axb6 13. Bg2 e6 14. b4 Ne7 15. Be3 Kc7 16. h3 Ng6 17. f4 Be7 18. Ke2 hxg4 19. hxg4 Rxh1 20. Bxh1 b5 21. Ra1 Ra8 22. a3 f6 23. exf6 Bxf6 24. Kd3 Kd6 25. g5 Bd8 26. Bc5+ Kd7 27. Be3 Ne7 28. Bf3 Nf5 29. Bf2 Bc7 30. Be3 Rf8 31. Bh5 Ng3 32. Bg6 Bxf4 33. Rf1 Nxf1 0-1


[Site "https://www.chess.com"]

[Event "Titled Tuesday Blitz May 30 Early 2023"]
[White "Brod, Manfred"]
[Black "Szyszylo, Rafal"]
[WhiteFideId "1602110"]
[BlackFideId "1109626"]
[WhiteElo "2152"]
[BlackElo "1951"]
[Result "0-1"]
[Round "07"]
[TimeControl "180+2"]
[Date "2023.05.30"]
[WhiteClock "0:00:00"]
[BlackClock "0:00:30"]

1. e4 d6 2. d4 g6 3. Nc3 Nf6 4. Be3 c6 5. Qd2 b5 6. Bd3 Nbd7 7. Nf3 Nb6 8. h3 Bg7 9. b3 O-O 10. a4 a6 11. O-O Bb7 12. Ne2 Qc7 13. a5 Nbd7 14. c4 e5 15. dxe5 Nxe5 16. Nxe5 dxe5 17. cxb5 cxb5 18. Bb6 Qd7 19. f3 Qe6 20. Qb2 Nd7 21. Be3 f5 22. Rfd1 Kh8 23. Rac1 Rac8 24. g4 fxg4 25. fxg4 Rxc1 26. Rxc1 Rf3 27. Qd2 Rxh3 28. Rc7 Qxg4+ 29. Kf2 Qh4+ 0-1


[Site "https://www.chess.com"]

[Event "Titled Tuesday Blitz May 30 Early 2023"]
[White "Kovalevsky, Stanislav"]
[Black "Lohani, Sujana"]
[WhiteFideId "13508598"]
[BlackFideId "12311987"]
[WhiteElo "2174"]
[BlackElo "1718"]
[Result "1-0"]
[Round "07"]
[TimeControl "180+2"]
[Date "2023.05.30"]
[WhiteClock "0:00:36"]
[BlackClock "0:00:00"]

1. c4 g6 2. Nc3 Bg7 3. g3 d6 4. Bg2 Nf6 5. b4 O-O 6. Bb2 c6 7. Nf3 e5 8. d3 Re8 9. O-O e4 10. dxe4 Nxe4 11. Qc2 Nxc3 12. Bxc3 Bxc3 13. Qxc3 Rxe2 14. Rfe1 Qe7 15. Ng5 Rxe1+ 16. Rxe1 Be6 17. Ne4 Nd7 18. Qd4 d5 19. cxd5 cxd5 20. Nc3 Qf6 21. Qd2 Nb6 22. Rd1 Rd8 23. Nb5 a6 24. Nd4 Nc4 25. Qh6 Qg7 26. Qf4 Nd6 27. Qg5 Rd7 28. Bxd5 Bxd5 29. Qxd5 Rd8 30. Ne6 fxe6 31. Qxe6+ Qf7 32. Rxd6 Re8 33. Qxf7+ Kxf7 34. Rd7+ Re7 35. Rxe7+ Kxe7 36. f4 Ke6 37. Kf2 Kd5 38. Ke3 Kc4 39. g4 Kxb4 40. Kd4 Kb5 41. Kd5 1-0


[Site "https://www.chess.com"]

[Event "Titled Tuesday Blitz May 30 Early 2023"]
[White "vlajkovicS"]
[Black "Maluco_do_Natal_00"]
[WhiteElo "2619"]
[BlackElo "2045"]
[Result "1-0"]
[Round "07"]
[TimeControl "180+2"]
[Date "2023.05.30"]
[WhiteClock "0:00:18"]
[BlackClock "0:00:00"]

1. d4 d5 2. c4 c6 3. Nc3 Nf6 4. Nf3 dxc4 5. a4 Bf5 6. Ne5 Nbd7 7. Nxc4 Nb6 8. Ne5 a5 9. f3 Nbd7 10. Qb3 Nxe5 11. dxe5 Nd7 12. Qxb7 Qc8 13. Qxc8+ Rxc8 14. e4 Be6 15. f4 g6 16. Be3 Bh6 17. Kf2 Rb8 18. Rb1 Bb3 19. Bd3 Nb6 20. Ra1 O-O 21. Ne2 Nc4 22. Bd4 Rfd8 23. Rhc1 Nxb2 24. Ba6 Nxa4 25. Rxc6 Bxf4 26. g3 Bd2 27. e6 fxe6 28. Bc4 Bxc4 29. Rxc4 Nb2 30. Rc6 Nd3+ 31. Kf3 Bb4 32. Rxe6 Nc5 33. Rxe7 Nxe4 34. Rxe4 Rf8+ 35. Rf4 Rxf4+ 36. Nxf4 Rd8 37. Ke4 Re8+ 38. Kd5 Rd8+ 39. Kc4 Rc8+ 40. Kb3 1-0


[Site "https://www.chess.com"]

[Event "Titled Tuesday Blitz May 30 Early 2023"]
[White "agvania123"]
[Black "Omariev, Maksim"]
[BlackFideId "4193423"]
[WhiteElo "2252"]
[BlackElo "2460"]
[Result "0-1"]
[Round "07"]
[TimeControl "180+2"]
[Date "2023.05.30"]
[WhiteClock "0:00:00"]
[BlackClock "0:00:03"]

1. Nf3 d5 2. g3 c6 3. Bg2 Nf6 4. O-O Bf5 5. c4 e6 6. b3 h6 7. Bb2 Bh7 8. d4 Nbd7 9. Nbd2 Bd6 10. Ne5 O-O 11. Re1 Qc7 12. Ndf3 Rfd8 13. Rc1 a5 14. a4 Bb4 15. Bc3 Nxe5 16. Nxe5 dxc4 17. Nxc4 Bxc3 18. Rxc3 Nd5 19. Rc1 Nb4 20. Qd2 e5 21. Nxe5 Qxe5 22. Qxb4 Qxe2 23. Qxb7 Qb2 24. Qxc6 Rab8 25. d5 Qxb3 26. d6 Qb4 27. d7 Bf5 28. Qc7 Rxd7 29. Qf4 Be6 30. Qxb4 axb4 31. Rc8+ Rxc8 32. a5 Rb8 33. a6 Ra7 34. Ra1 b3 35. Bb7 Rbxb7 36. axb7 Rxb7 37. Rb1 b2 0-1


[Site "https://www.chess.com"]

[Event "Titled Tuesday Blitz May 30 Early 2023"]
[White "De Souza, Cristiano Gomes"]
[Black "Zenin, Dmitry"]
[WhiteFideId "2151758"]
[BlackFideId "4127897"]
[WhiteElo "2068"]
[BlackElo "2215"]
[Result "0-1"]
[Round "07"]
[TimeControl "180+2"]
[Date "2023.05.30"]
[WhiteClock "0:01:15"]
[BlackClock "0:00:29"]

1. d4 Nf6 2. c4 g6 3. Nf3 Bg7 4. Nc3 O-O 5. e4 d6 6. Be2 Na6 7. O-O e5 8. Be3 Ng4 9. Bg5 Qe8 10. d5 f5 11. Nd2 Nf6 12. f3 Nh5 13. Be3 Nf4 14. g3 Nxe2+ 15. Qxe2 f4 16. Bf2 h5 17. Rab1 g5 18. b4 Bh3 19. Rfc1 g4 20. fxg4 hxg4 21. c5 Bh6 22. Qd3 fxg3 23. Bxg3 dxc5 24. bxc5 Nxc5 25. Qc4 Bxd2 26. Qxc5 Bxc1 27. Rxc1 Qf7 28. Qc4 Qf3 29. Qe2 Rae8 30. Qxf3 Rxf3 31. Bf2 Ref8 32. Rc2 a6 33. Ne2 Rxf2 0-1


[Site "https://www.chess.com"]

[Event "Titled Tuesday Blitz May 30 Early 2023"]
[White "KVAIDAN"]
[Black "Acikel, Mert"]
[BlackFideId "12956465"]
[WhiteElo "2314"]
[BlackElo "2097"]
[Result "0-1"]
[Round "07"]
[TimeControl "180+2"]
[Date "2023.05.30"]
[WhiteClock "0:00:15"]
[BlackClock "0:00:16"]

1. b3 d5 2. Bb2 Bf5 3. e3 Nf6 4. Nf3 e6 5. Be2 h6 6. O-O Be7 7. Ne5 O-O 8. f4 c5 9. Qe1 d4 10. d3 dxe3 11. Qg3 Nbd7 12. Nc3 Nxe5 13. fxe5 Nd5 14. Nxd5 Qxd5 15. Qxe3 Rac8 16. Bf3 Qd7 17. Rae1 b5 18. Be4 Bxe4 19. Qxe4 c4 20. Rf3 cxb3 21. cxb3 Rc2 22. Bd4 Rd8 23. Bf2 Qd5 24. Qg4 Rxa2 25. Rg3 Bf8 26. Be3 Qxe5 27. Rf1 Rxd3 28. Bf4 Rxg3 29. Qxg3 Qd4+ 30. Kh1 Ra1 31. Bc1 Ba3 32. Qf3 f6 33. Bxa3 Rxa3 34. Qa8+ Kh7 35. Qd8 Qxd8 36. h3 Rxb3 0-1


[Site "https://www.chess.com"]

[Event "Titled Tuesday Blitz May 30 Early 2023"]
[White "Mikhaylova, Irina"]
[Black "Cramling Bellon, Anna"]
[WhiteFideId "4109040"]
[BlackFideId "32009232"]
[WhiteElo "1975"]
[BlackElo "1976"]
[Result "0-1"]
[Round "07"]
[TimeControl "180+2"]
[Date "2023.05.30"]
[WhiteClock "0:00:15"]
[BlackClock "0:00:09"]

1. Nf3 c5 2. c4 Nc6 3. Nc3 e5 4. d3 d6 5. g3 g6 6. Bg2 Bg7 7. O-O Nge7 8. Ne1 Be6 9. Nd5 O-O 10. Nc2 Rb8 11. Nce3 f5 12. Nxe7+ Nxe7 13. Rb1 b5 14. Nd5 a5 15. Bg5 Bxd5 16. Bxd5+ Kh8 17. b3 h6 18. Bxe7 Qxe7 19. e3 f4 20. Qg4 Qg5 21. Qxg5 hxg5 22. Kg2 g4 23. exf4 exf4 24. f3 gxf3+ 25. Rxf3 fxg3 26. Rxg3 Bd4 27. Rxg6 Rf2+ 28. Kh3 Re8 29. Rbg1 Re3+ 30. R1g3 Rxg3+ 31. hxg3 bxc4 32. bxc4 Rxa2 33. Kg4 Rd2 34. Rxd6 Rxd3 35. Kh5 Rxg3 36. Rd8+ Kh7 37. Rd7+ Rg7 38. Rd6 Re7 39. Rh6+ Kg7 40. Rg6+ Kh7 41. Rh6+ Kg7 42. Re6 Rxe6 43. Bxe6 a4 44. Bf5 Kf6 45. Bc2 a3 46. Bb3 Bc3 47. Kg4 Ke5 48. Kf3 Kd4 49. Ke2 Bb4 50. Ba2 Kc3 51. Kd1 Kb2 52. Ke2 Kxa2 53. Kd3 Kb2 54. Ke4 a2 55. Kd5 a1=Q 0-1


[Site "https://www.chess.com"]

[Event "Titled Tuesday Blitz May 30 Early 2023"]
[White "Blokhin, Sofia"]
[Black "Flis, Pawel"]
[WhiteFideId "4508190"]
[BlackFideId "1112864"]
[WhiteElo "1994"]
[BlackElo "1822"]
[Result "1-0"]
[Round "07"]
[TimeControl "180+2"]
[Date "2023.05.30"]
[WhiteClock "0:00:07"]
[BlackClock "0:00:17"]

1. e4 c5 2. Nf3 d6 3. d4 Nf6 4. Nc3 cxd4 5. Nxd4 a6 6. Be3 e5 7. Nb3 Be6 8. f3 Be7 9. Qd2 b5 10. O-O-O Nbd7 11. Qf2 O-O 12. Kb1 Qc7 13. g4 Rfc8 14. Bd3 Nc5 15. h4 Nxd3 16. cxd3 b4 17. Na4 Bxb3 18. axb3 Nd7 19. Rc1 Qa5 20. Rc4 Rxc4 21. dxc4 Nc5 22. Bxc5 dxc5 23. Rd1 Qc7 24. Rd5 Rc8 25. Ka2 g6 26. h5 Rd8 27. Rxd8+ Qxd8 28. Nxc5 Qb6 29. Nd3 Qd6 30. Qa7 Bg5 31. Qa8+ Kg7 32. Qd5 Qxd5 33. exd5 gxh5 34. gxh5 Be7 35. Nxe5 Bd6 36. Nd3 a5 37. c5 Bb8 38. d6 Kf8 39. Ne5 Ke8 40. Nc6 Bxd6 41. cxd6 Kd7 42. Nxa5 Kxd6 43. Nc4+ Kd5 44. Nd2 Kd4 45. Kb1 Ke3 46. Kc2 f5 47. h6 f4 48. Ne4 Kxf3 49. Ng5+ Kg3 50. Kd2 f3 51. Ke1 f2+ 52. Kf1 Kg4 53. Nxh7 Kh5 54. Nf6+ Kxh6 55. Nd5 Kg5 56. Nxb4 Kf4 57. Nd3+ Ke3 58. Nxf2 Kd2 59. b4 Kc2 60. b5 Kxb2 61. b6 Kc3 62. b7 Kd4 63. b8=Q Kd5 64. Qb5+ Kd4 65. Qc6 Ke3 66. Qe4+ Kd2 67. Qe1+ Kc2 68. Qe2+ Kc3 69. Ne4+ Kd4 70. Nf6 Kc5 71. Qd3 Kc6 72. Ng4 Kc7 73. Qd5 Kb6 74. Qe6+ Kb5 75. Ke2 Kb4 76. Kd3 Kb5 77. Qd5+ Kb6 78. Qd6+ Kb7 79. Qd7+ Ka8 80. Kc4 Kb8 81. Kb5 Ka8 82. Kb6 Kb8 83. Qd8# 1-0


[Site "https://www.chess.com"]

[Event "Titled Tuesday Blitz May 30 Early 2023"]
[White "Guz, Ari"]
[Black "Andrew_Ledger"]
[WhiteFideId "2825759"]
[WhiteElo "2205"]
[BlackElo "2162"]
[Result "1-0"]
[Round "07"]
[TimeControl "180+2"]
[Date "2023.05.30"]
[WhiteClock "0:01:31"]
[BlackClock "0:00:07"]

1. a4 e5 2. a5 d5 3. e3 Nf6 4. a6 bxa6 5. d4 e4 6. c4 c6 7. Nc3 Bd6 8. Qb3 O-O 9. Nge2 Be6 10. Qb7 Qc7 11. Qxa8 Nbd7 12. Qxf8+ Nxf8 13. c5 Be7 14. Nf4 g5 15. Nxe6 Nxe6 16. Bxa6 h5 17. Be2 Kg7 18. b4 g4 19. b5 Ng5 20. Ra6 cxb5 21. Nxb5 Qb7 22. Rxa7 Qb8 23. Rxe7 Nf3+ 24. gxf3 exf3 25. Bd3 Ne4 26. O-O Ng5 27. c6 h4 28. c7 Qc8 29. Nd6 1-0


[Site "https://www.chess.com"]

[Event "Titled Tuesday Blitz May 30 Early 2023"]
[White "KSho99"]
[Black "Parpiev, Isaak"]
[BlackFideId "34281576"]
[WhiteElo "2178"]
[BlackElo "2115"]
[Result "0-1"]
[Round "07"]
[TimeControl "180+2"]
[Date "2023.05.30"]
[WhiteClock "0:02:03"]
[BlackClock "0:02:48"]

1. Nf3 Nf6 2. b3 g6 3. Bb2 Bg7 4. e3 O-O 5. d4 b6 6. Be2 Bb7 7. O-O d6 8. c4 Nbd7 9. Nc3 e5 10. dxe5 dxe5 11. Qc2 e4 12. Nd4 a6 13. Rad1 c5 0-1


[Site "https://www.chess.com"]

[Event "Titled Tuesday Blitz May 30 Early 2023"]
[White "Tarnowska, Aleksandra"]
[Black "Avazkhonov, Alikhon"]
[WhiteFideId "1180967"]
[BlackFideId "14208504"]
[WhiteElo "1776"]
[BlackElo "1739"]
[Result "0-1"]
[Round "07"]
[TimeControl "180+2"]
[Date "2023.05.30"]
[WhiteClock "0:00:02"]
[BlackClock "0:01:06"]

1. e4 c5 2. Nf3 d6 3. Bb5+ Nd7 4. O-O a6 5. Bxd7+ Bxd7 6. d4 cxd4 7. Nxd4 Nf6 8. Nc3 e6 9. Bg5 Be7 10. Qf3 O-O 11. a4 h6 12. Be3 Rc8 13. a5 Rc4 14. Qg3 Qc7 15. Rfd1 Rxc3 16. bxc3 Nxe4 17. Qf3 Nxc3 18. Re1 Nd5 19. Qg3 Nxe3 20. Rxe3 e5 21. Nf3 f5 22. Rb3 Qxc2 23. Rab1 f4 24. Ne1 Qxb1 25. Rxb1 fxg3 26. hxg3 Bc6 27. f3 Bd8 28. Kf2 Bxa5 0-1


[Site "https://www.chess.com"]